Map: Polka LE

Players

IIIIIIIIIIII - Winner!

  • Race: Protoss Protoss
  • Spawn Location: 11:00

Zero - Winner!

  • Race: Zerg Zerg
  • Spawn Location: 11:00

qqq

  • Race: Zerg Zerg
  • Spawn Location: 5:00

Massa

  • Race: Terran Terran
  • League: Platinum
  • Spawn Location: 5:00

VOD

Have the link to the VOD?

Description

Time

  • Played on: Oct. 19, 2020, 12:17 p.m.
  • Length: 6:39
Show
View Real Time Build Order
Export as new Build Order

IIIIIIIIIIII Protoss - Winner!

Build Orders:  

Get SALT Encoding   

  12  0:14  Pylon  
  12  0:17  Probe  
  13  0:29  Probe  
  14  0:37  Gateway  
  14  0:42  Probe  
  15  0:49  Assimilator  
  15  1:03  Probe  
  16  1:15  Probe  
  17  1:25  Assimilator  
  17  1:27  Probe, Cybernetics Core  
  18  1:42  Probe  
  18  1:45  Pylon  
  19  2:00  Probe  
  20  2:13  Probe  
  20  2:14  Pylon  
  21  2:20  Shield Battery, Forge  
  21  2:29  Probe  
  22  2:38  Stargate  
  22  2:40  Stargate  
  22  2:52  Probe  
  22  2:57  Photon Cannon  
  23  3:10  Pylon  
  23  3:16  Void Ray  
  23  3:20  Void Ray  
  31  3:46  Stalker  
  33  4:01  Void Ray  
  37  4:33  Void Ray  
  41  4:56  Void Ray  
  45  5:07  Nexus  
Show
View Real Time Build Order
Export as new Build Order

Zero Zerg - Winner!

Build Orders: Hatch First, Roach Nydus 

Get SALT Encoding   

  12  0:00  Drone  
  13  0:18  Drone  
  14  0:36  Hatchery  
  14  0:42  Overlord  
  13  0:46  Drone  
  14  1:05  Spawning Pool  
  14  1:08  Extractor  
  14  1:10  Drone  
  13  1:14  Drone  
  13  1:18  Drone  
  15  1:25  Drone  
  16  1:33  Drone  
  17  1:47  Drone  
  17  1:51  Queen  
  20  1:55  Drone  
  20  1:56  Drone  
  22  2:02  Drone  
  22  2:08  Zergling x2  
  24  2:14  Drone  
  24  2:15  Queen  
  27  2:24  Extractor  
  27  2:30  Drone x2  
  27  2:32  Overlord  
  27  2:33  Overlord  
  27  3:02  Drone, Overlord  
  27  3:03  Drone  
  27  3:04  Drone  
  30  3:08  Lair  
  30  3:13  Drone, Roach Warren  
  30  3:14  Drone x2  
  32  3:24  Drone  
  32  3:25  Drone  
  34  3:29  Overlord  
  34  3:49  Overlord  
  34  3:55  Roach x6  
  46  4:11  Roach x3  
  46  4:12  Queen  
  46  4:14  Queen  
  56  4:28  Nydus Network  
  55  4:33  Roach x3  
  55  4:35  Roach  
  63  4:47  Roach  
  63  4:48  Roach  
  48  5:10  Roach x4  
  52  5:34  Nydus Canal  
  50  5:43  Roach x2  
  50  5:44  Roach  
  56  6:08  Drone  
Show
View Real Time Build Order
Export as new Build Order

qqq Zerg 

Build Orders: Hatch First 

Get SALT Encoding   

  12  0:04  Drone  
  13  0:37  Hatchery  
  13  0:42  Drone x2  
  14  0:57  Spawning Pool  
  13  1:08  Overlord  
  13  1:09  Drone  
  14  1:13  Extractor  
  13  1:21  Drone  
  14  1:29  Drone  
  15  1:38  Drone  
  16  1:43  Drone  
  17  2:01  Drone  
  17  2:03  Queen  
  17  2:04  Queen  
  17  2:06  Drone  
  23  2:12  Drone  
  23  2:14  Drone  
  25  2:18  Drone  
  26  2:27  Metabolic Boost  
  26  2:31  Drone  
  26  2:33  Zergling x2  
  28  2:39  Extractor  
  28  2:41  Zergling x2  
  28  2:44  Overlord  
  28  3:00  Overlord  
  28  3:02  Drone  
  29  3:06  Zergling x2  
  29  3:08  Drone x2  
  32  3:15  Drone  
  32  3:17  Zergling x2  
  34  3:20  Lair  
  34  3:31  Zergling x2  
  34  3:32  Zergling x2  
  36  3:37  Drone x2, Baneling Nest  
  36  3:38  Zergling x2  
  36  3:39  Drone  
  36  3:40  Zergling x6  
  42  3:49  Zergling x2  
  42  3:50  Zergling x2  
  44  4:05  Overlord x4  
  44  4:23  Drone  
  44  4:24  Drone x3  
  47  4:29  Baneling x2  
  47  4:30  Hatchery, Baneling x3  
  47  4:33  Zergling x4  
  44  5:03  Zergling x6  
  44  5:04  Zergling x2  
  44  5:05  Drone x2, Zergling x6  
  46  5:23  Zergling x2  
  46  5:26  Spore Crawler  
  46  5:31  Drone x2, Hydralisk Den  
  46  5:32  Spore Crawler  
  46  5:34  Spore Crawler  
  45  5:37  Extractor  
  45  5:40  Extractor  
  45  5:41  Spore Crawler  
  40  5:49  Zergling x6  
  43  5:51  Drone x3  
  38  6:01  Zergling x6  
  38  6:02  Hydralisk x2  
  45  6:11  Lurker Den  
  42  6:22  Zergling x4  
Show
View Real Time Build Order
Export as new Build Order

Massa Terran 

Build Orders:  

Get SALT Encoding   

  12  0:00  SCV  
  13  0:12  SCV  
  14  0:24  SCV, Supply Depot  
  15  0:30  Refinery  
  15  0:45  SCV  
  15  0:47  Barracks  
  16  0:57  SCV  
  16  1:02  Refinery  
  17  1:10  SCV  
  18  1:22  SCV  
  19  1:34  Reaper  
  19  1:36  Orbital Command, Supply Depot  
  20  1:49  Factory  
  20  2:02  SCV  
  20  2:06  Marine  
  22  2:27  Command Center  
  22  3:01  Hellion  
  22  3:05  SCV  
  25  3:10  Engineering Bay  
  25  3:12  Supply Depot  
  25  3:17  SCV  
  25  3:19  Barracks Reactor  
  26  3:22  Hellion  
  28  3:29  SCV  
  28  3:32  Starport  
  29  3:44  Hellion  
  31  4:05  Widow Mine  
  33  4:14  Orbital Command  
  33  4:16  SCV  
  33  4:25  Missile Turret  
  33  4:26  Widow Mine  
  33  4:28  SCV  
  36  4:33  Supply Depot  
  36  4:34  Missile Turret  
  36  4:37  Missile Turret  
  36  4:40  SCV  
  36  4:45  SCV  
  38  4:48  Hellion, Medivac  
  38  4:49  Marine x2  
  38  4:52  SCV  
  45  4:57  SCV  
  46  5:04  SCV  
  45  5:07  Marine x2  
  45  5:09  SCV  
  44  5:35  Marine x2  
  41  5:41  Missile Turret x2  
  41  5:43  Missile Turret  
  37  5:52  Marine  
  37  5:53  Marine, Medivac  
  36  6:00  SCV  
  29  6:10  Marine x2  
  24  6:12  Hellion  
Tags
 
Add a new tag
Caveats
  • Supply blocks, unpowered buildings, or Contaminate may cause inaccurate times.
  • Supply counts are checked every 10 seconds.